 Dungeon Crawl Stone Soup version 0.24-a0-784-g601f8f6d22 (webtiles) character file.

Game seed: 199900611728028899, levelgen mode: deterministic

93023 Amen the Warrior (level 16, -18/168 HPs)
             Began as a Gargoyle Fighter on Oct 9, 2019.
             Was a High Priest of Makhleb.
             Demolished by a shambling mangrove (20 damage)
             ... on level 3 of the Swamp.
             The game lasted 02:14:13 (32108 turns).

Amen the Warrior (Gargoyle Fighter)                Turns: 32108, Time: 02:14:13

Health: -18/168    AC: 31    Str: 28    XL:     16   Next: 7%
Magic:  23/23      EV: 11    Int: 11    God:    Makhleb [*****.]
Gold:   2308       SH: 11    Dex: 14    Spells: 15/15 levels left

rFire    + . .     SeeInvis .   R - +8 hand axe "Jiurig" {flame, rC+}
rCold    + . .     Gourm    .   c - +0 shield
rNeg     + . .     Faith    .   Y - +3 ring mail {rF+}
rPois    ∞         Spirit   .   (no helmet)
rElec    +         Reflect  .   a - +1 cloak
rCorr    .         Harm     .   J - +2 pair of gloves
MR       +....                  X - +0 pair of boots (curse)
Stlth    ..........             (no amulet)
HPRegen  0.38/turn              e - +3 ring of dexterity
MPRegen  0.18/turn              i - ring of stealth

@: berserking, grasped by roots, flying, constricted, very quick
A: big wings, negative energy resistance 1, electricity resistance, unbreathing,
petrification resistance, rot immunity, AC +12
a: Stop Flying, Minor Destruction, Lesser Servant of Makhleb, Major Destruction,
Greater Servant of Makhleb, Renounce Religion


You were on level 3 of the Swamp.
You worshipped Makhleb.
Makhleb was extremely pleased with you.
You were not hungry.

You visited 6 branches of the dungeon, and saw 26 of its levels.
You also visited: Volcano.

You collected 2653 gold pieces.
You spent 345 gold pieces at shops.

Inventory:

Hand Weapons
 k - a +2 flail of draining
 m - a +2 dire flail
 n - a +2 flail of holy wrath
 M - a +0 demon whip
 R - the +8 hand axe "Jiurig" (weapon) {flame, rC+}
   (You found it on level 2 of the Swamp)

   It has been specially enchanted to burn those struck by it, causing extra
   injury to most foes and up to half again as much damage against particularly
   susceptible opponents.
   Big, fiery blades are also staple armaments of hydra-hunters.
   It protects you from cold.
 T - a +0 great mace of flaming
Missiles
 j - 426 stones (quivered)
 p - 14 atropa-tipped darts
Armour
 a - a +1 cloak (worn)
 c - a +0 shield (worn)
 J - a +2 pair of gloves (worn)
 K - +0 acid dragon scales
 X - a cursed +0 pair of boots (worn)
 Y - a +3 ring mail of fire resistance (worn)
Jewellery
 e - a +3 ring of dexterity (left hand)
 g - an uncursed amulet of harm
 i - a ring of stealth (right hand)
 v - an uncursed ring of protection from magic
 I - an uncursed ring of ice
 L - an uncursed ring of protection from cold
 P - an uncursed ring of see invisible
 Z - an uncursed ring of wizardry
Wands
 d - a wand of flame (51)
 A - a wand of acid (7)
 B - a wand of scattershot (6)
 D - a wand of digging (7)
 E - a wand of polymorph (5)
 G - a wand of random effects (38)
 S - a wand of iceblast (15)
 U - a wand of disintegration (24)
Scrolls
 q - 4 scrolls of enchant weapon
 r - 4 scrolls of enchant armour
 s - 11 scrolls of remove curse
 t - 8 scrolls of teleportation
 u - 5 scrolls of identify
 w - 8 scrolls of immolation
 x - 4 scrolls of fog
 y - 6 scrolls of magic mapping
 z - 4 scrolls of blinking
 C - 2 scrolls of silence
 F - 5 scrolls of amnesia
Potions
 b - a potion of brilliance
 h - 13 potions of curing
 l - 3 potions of agility
 o - 5 potions of flight
 H - 2 potions of ambrosia
 N - 2 potions of haste
 O - a potion of lignification
 Q - a potion of cancellation
 W - a potion of resistance
Comestibles
 f - 18 rations


   Skills:
 + Level 16.9 Fighting
 * Level 13.8 Maces & Flails
 - Level 1.0 Throwing
 - Level 14.6 Armour
 - Level 7.4 Dodging
 - Level 5.3 Shields
 - Level 10.0 Invocations


You had 15 spell levels left.
You didn't know any spells.
Your spell library contained the following spells:

 Spells                   Type           Power        Failure   Level  Hunger
 Confusing Touch          Hex            #.....       85%         1    ##.....
 Flame Tongue             Conj/Fire      #....        85%         1    ##.....
 Magic Dart               Conj           #...         85%         1    ##.....
 Blink                    Tloc           N/A          94%         2    ###....
 Call Imp                 Summ           #.......     94%         2    ###....
 Searing Ray              Conj           #.....       94%         2    ###....
 Slow                     Hex            #.......     94%         2    ###....
 Throw Flame              Conj/Fire      #.....       94%         2    ###....
 Confuse                  Hex            #.......     99%         3    ####...
 Conjure Flame            Conj/Fire      #.......     99%         3    ####...
 Dazzling Spray           Conj/Hex       #.....       99%         3    ####...
 Gell's Gravitas          Tloc           #.........   99%         3    ####...
 Inner Flame              Hex/Fire       #.......     99%         3    ####...
 Mephitic Cloud           Conj/Pois/Air  #.......     99%         3    ####...
 Force Lance              Conj/Tloc      #.......     100%        4    #####..
 Fulminant Prism          Conj/Hex       #.........   100%        4    #####..
 Iskenderun's Mystic Bla  Conj           #.......     100%        4    #####..
 Petrify                  Tmut/Erth      #.......     100%        4    #####..
 Sticky Flame             Conj/Fire      #.......     100%        4    #####..
 Fireball                 Conj/Fire      #.........   100%        5    ######.
 Metabolic Englaciation   Hex/Ice        #.........   100%        5    ######.
 Yara's Violent Unravell  Hex/Tmut       #.........   100%        5    ######.


Dungeon Overview and Level Annotations

Branches:
Dungeon (13/15)            Temple (1/1) D:5            Lair (6/6) D:9
  Swamp (3/4) Lair:3       Spider (1/4) Lair:2        Slime (0/5) Lair:6
    Orc (2/2) D:11            Elf (0/3) Orc:2       Volcano (visited)
 Vaults: D:13-14

Altars:
Ashenzari
Cheibriados
Dithmenos
Fedhas
Gozag
Hepliaklqana
Kikubaaqudgha
Makhleb
Okawaru
Qazlal
Ru
Sif Muna
Trog
Uskayaw
Xom
Yredelemnul
Zin

Shops:
Orc:1 *   Orc:2 *([%

Annotations:
D:5 Sigmund
D:7 Maurice
Lair:3 exclusion: oklob plant
Lair:4 exclusion: oklob plant


Innate Abilities, Weirdness & Mutations

You are resistant to torment.
Your stone body is resilient. (AC +12)
You are immune to poison.
Your large and strong wings let you fly indefinitely.
You resist negative energy. (rN+)
You are resistant to electric shocks. (rElec)
You can survive without breathing.
You are immune to petrification.
You are immune to rotting.


Message History

The grasping roots constrict you.
You slash the shambling mangrove! You burn the shambling mangrove.
The shambling mangrove is moderately damaged.
You slash the blizzard demon! You burn the blizzard demon.
You hit the shambling mangrove but do no damage.
The shambling mangrove is moderately damaged.
You slash the blizzard demon! You burn the blizzard demon.
The blizzard demon hits you but does no damage. x2
You block the shambling mangrove's attack.
* * * LOW HITPOINT WARNING * * *
The grasping roots constrict you!
You slash the shambling mangrove! You burn the shambling mangrove.
The shambling mangrove is moderately damaged.
You hit the blizzard demon. You burn the blizzard demon.
You block the blizzard demon's attack. x2
You hit the shambling mangrove. You burn the shambling mangrove.
The shambling mangrove is heavily damaged.
You hit the blizzard demon. You burn the blizzard demon.
The shambling mangrove hits you!!
You die...

♣♣♣♣..≈..##### ≈≈.≈≈
........##...## w≈≈≈..
§≈≈$.y≈§#.....##.≈≈≈≈♣
≈≈≈§.≈≈≈..≈.≈....≈≈≈..
♣♣♣♣♣..≈≈(.....#.≈§.♣.
♣♣§.......##.≈≈..♣
♣♣≈.♣♣..##./≈≈.♣ ♣.≈≈≈♣†#..≈≈≈<♣♣
♣♣♣♣♣♣♣ ♣.≈≈≈f@.†§.§≈≈≈♣
♣♣≈≈≈≈.♣♣♣♣♣..≈2♣♣♣♣≈≈≈..♣
♣♣..≈≈≈≈♣♣.♣♣.≈.♣ ♣..≈≈≈.♣
.♣♣.[≈≈≈≈≈≈≈.≈..♣ ♣.≈≈≈≈.♣♣
.....≈≈...≈≈.§§♣♣ ♣.≈≈≈≈.≈♣♣♣♣
.≈≈≈.....≈≈..≈≈♣ ♣≈.≈≈≈.♣♣≈≈♣♣♣♣
..≈≈.%...≈≈≈...♣♣ ♣.≈≈≈.♣≈....♣♣
≈≈≈≈≈..♣.≈≈.≈≈≈≈♣ ♣♣≈≈≈....≈≈≈≈♣
≈≈≈≈..♣♣♣...≈≈≈≈♣♣♣♣♣≈≈≈....≈≈≈..


You could see a shambling mangrove and a blizzard demon.

Vanquished Creatures
  A very ugly thing (Swamp:3)
  Snorg (D:11)
  9 hydras
  2 centaur warriors (D:12)
  3 two-headed ogres
  A shambling mangrove (Swamp:2)
  A dancing weapon (Volcano)
  A catoblepas (Lair:6)
  13 alligators
  Erica (Lair:2)
  3 death yaks
  2 orc high priests (Orc:2)
  Nergalle (Lair:3)
  5 wizards
  2 swamp dragons
  2 lindwurms (Lair:6)
  4 orc knights
  5 orc sorcerers (Orc:2)
  3 wolf spiders
  A deep elf mage (D:12)
  4 cyclopes
  4 manticores
  16 elephants
  A centaur zombie (D:8)
  5 black mambas
  13 spiny frogs
  A torpor snail (Spider:1)
  Psyche (D:12)
  4 toenail golems
  5 komodo dragons
  3 rime drakes
  A tengu conjurer (D:11)
  2 jumping spiders (Lair:2)
  5 tyrant leeches
  5 trolls
  6 hornets
  6 slime creatures (D:12)
  3 bog bodies
  9 blink frogs
  A dream sheep (Lair:6)
  7 hippogriffs
  3 tarantellas
  6 redbacks
  4 wyverns
  32 yaks
  3 fire bats (Orc:2)
  Grum (D:11)
  3 hungry ghosts
  3 basilisks
  4 spriggans
  15 vampire mosquitoes
  3 insubstantial wisps (Swamp:3)
  4 swamp worms
  An acid dragon (D:11)
  2 soldier ants (D:12)
  3 wargs
  14 water moccasins
  Duvessa (D:5)
  5 sky beasts
  7 porcupines
  10 swamp drakes
  3 black bears (D:9)
  25 orc warriors
  6 ice beasts
  2 eyes of draining (D:4)
  3 phantoms
  11 wolves
  12 ogres
  8 centaurs
  A necrophage (D:7)
  2 big kobolds
  13 crocodiles
  17 bullfrogs
  The ghost of Skallagrim the Conjurer, an amateur DECj (D:3)
  A wyvern zombie (D:12)
  Dowan (D:5)
  4 scorpions
  10 killer bees
  4 wights (D:11)
  A howler monkey (D:4)
  4 crimson imps
  2 bullfrog zombies
  A quasit (D:10)
  4 bullfrog skeletons
  6 hounds
  20 orc wizards
  4 jellies
  2 centaur skeletons (D:11)
  20 orc priests
  7 iguanas
  Natasha (twice) (D:2)
  9 worker ants
  2 hound skeletons (D:4)
  A howler monkey zombie (D:5)
  3 worker ant zombies
  8 adders
  3 shadow imps
  An adder skeleton (D:5)
  A worm (D:2)
  2 dart slugs
  8 leopard geckos
  59 orcs
  2 ball pythons (D:3)
  12 bats
  7 giant cockroaches
  8 goblins
  8 hobgoblins
  7 jackals
  4 quokkas
  7 frilled lizards
  A jackal zombie (D:7)
  17 kobolds
  A leopard gecko zombie (D:9)
  A quokka skeleton (D:6)
  8 rats
664 creatures vanquished.

Vanquished Creatures (collateral kills)
  A tentacled monstrosity (Swamp:2)
  A dire elephant (Lair:6)
  An orc high priest (Orc:2)
  An orc sorcerer (Orc:2)
4 creatures vanquished.

Vanquished Creatures (others)
  A spriggan druid (Swamp:2)
  A dream sheep (Lair:6)
  An orc priest (Orc:2)
  An orc (Orc:2)
  43 fungi
  12 plants
59 creatures vanquished.

Grand Total: 727 creatures vanquished

Notes
Turn   | Place    | Note
-------+----------+-------------------------------------------
     0 | D:1      | Amen the Gargoyle Fighter began the quest for the Orb.
     0 | D:1      | Reached XP level 1. HP: 14/14 MP: 1/1
   361 | D:1      | Reached XP level 2. HP: 18/19 MP: 2/2
  1041 | D:2      | Reached XP level 3. HP: 21/24 MP: 3/3
  1358 | D:2      | Reached skill level 4 in Fighting
  1426 | D:2      | Reached XP level 4. HP: 16/29 MP: 4/4
  1657 | D:2      | Reached XP level 5. HP: 34/34 MP: 5/5
  1991 | D:2      | Noticed Natasha
  2001 | D:2      | Killed Natasha
  2407 | D:2      | Noticed Natasha
  2415 | D:2      | Killed Natasha
  2529 | D:3      | Reached skill level 5 in Maces & Flails
  2529 | D:3      | Reached XP level 6. HP: 40/40 MP: 6/6
  2580 | D:3      | Reached skill level 1 in Throwing
  2602 | D:3      | Found a runed translucent door.
  2729 | D:3      | Noticed Skallagrim's ghost (amateur DECj)
  2892 | D:3      | Killed Skallagrim's ghost
  2892 | D:3      | Reached skill level 5 in Fighting
  3014 | D:4      | Found a bloodstained altar of Trog.
  3014 | D:4      | Noticed an eye of draining
  3023 | D:4      | Noticed an eye of draining
  3034 | D:4      | Killed an eye of draining
  3045 | D:4      | Killed an eye of draining
  3045 | D:4      | Reached XP level 7. HP: 44/44 MP: 0/7
  3125 | D:4      | Got a faintly humming robe
  3126 | D:4      | Identified the cursed +1 robe "Raboem" {Stlth+} (You found
                  | it on level 4 of the Dungeon)
  3828 | D:5      | Entered Level 5 of the Dungeon
  3879 | D:5      | Reached skill level 6 in Fighting
  4054 | D:5      | Found an opulent altar of Gozag.
  4263 | D:4      | Reached XP level 8. HP: 22/52 MP: 8/8
  4645 | D:5      | Noticed Duvessa
  4659 | D:5      | Killed Duvessa
  4660 | D:5      | Noticed Dowan
  4677 | D:5      | Killed Dowan
  4682 | D:5      | Reached skill level 7 in Fighting
  4915 | D:5      | Found a staircase to the Ecumenical Temple.
  4920 | Temple   | Entered the Ecumenical Temple
  4975 | Temple   | Became a worshipper of Makhleb the Destroyer
  5251 | D:5      | Noticed Sigmund
  5446 | D:6      | HP: 2/53 [ogre/+0 giant club (20)]
  5737 | D:6      | Reached XP level 9. HP: 58/58 MP: 9/9
  5877 | D:6      | Found an iron altar of Okawaru.
  6190 | D:6      | Reached skill level 8 in Fighting
  6503 | D:7      | Reached * piety under Makhleb
  6558 | D:7      | Noticed a hornet
  6573 | D:7      | Killed a hornet
  6573 | D:7      | Reached skill level 10 in Maces & Flails
  7256 | D:8      | Reached skill level 9 in Fighting
  7274 | D:8      | Noticed Maurice
  7568 | D:9      | Reached XP level 10. HP: 66/66 MP: 10/10
  7669 | D:9      | Noticed a two-headed ogre
  7691 | D:8      | Found a sacrificial altar of Ru.
  7691 | D:8      | Found a shattered altar of Ashenzari.
  7691 | D:8      | Found a stormy altar of Qazlal.
  7722 | D:9      | Found an opulent altar of Gozag.
  8189 | D:9      | Found a staircase to the Lair.
  8379 | D:9      | Reached skill level 10 in Fighting
  8427 | D:9      | Reached ** piety under Makhleb
  8470 | D:9      | Reached skill level 5 in Armour
  8757 | D:10     | Entered Level 10 of the Dungeon
  8763 | D:10     | Got a crude great sword
  8764 | D:10     | Identified the +7 great sword "Ecludaha" {drain, *Slow
                  | rPois rN+ Str+6} (You found it on level 10 of the Dungeon)
  9010 | D:10     | Noticed a two-headed ogre
  9044 | D:10     | Killed a two-headed ogre
  9168 | D:10     | Found a burning altar of Makhleb.
  9493 | D:10     | Reached XP level 11. HP: 73/73 MP: 11/11
  9710 | Lair:1   | Entered Level 1 of the Lair of Beasts
  9735 | Lair:1   | Reached skill level 11 in Fighting
  9967 | Lair:1   | Reached skill level 1 in Dodging
 10121 | Lair:1   | You fall into a shaft and drop 1 floor!
 10215 | Lair:2   | Found a hole to the Spider Nest.
 10455 | Lair:1   | Found a basalt altar of Yredelemnul.
 11265 | Lair:2   | Reached skill level 5 in Shields
 11318 | Lair:2   | Noticed Erica
 11432 | Lair:2   | Killed Erica
 11684 | Lair:2   | Got an ancient leather armour
 11685 | Lair:2   | Identified the cursed +1 leather armour of the Centipede
                  | {-Tele rN+ Int+4} (You found it on level 2 of the Lair of
                  | Beasts)
 11845 | Lair:2   | Reached skill level 1 in Invocations
 12368 | Lair:3   | Reached *** piety under Makhleb
 12724 | Lair:3   | Reached skill level 12 in Fighting
 12726 | Lair:3   | Reached XP level 12. HP: 81/81 MP: 14/14
 12821 | Lair:3   | Noticed Nergalle
 12879 | Lair:3   | Killed Nergalle
 13009 | Lair:3   | Found a hazy altar of Hepliaklqana.
 13118 | Lair:3   | Noticed a four-headed hydra
 14012 | Lair:3   | Killed a four-headed hydra
 14047 | Lair:3   | Found a staircase to the Swamp.
 14182 | Lair:3   | Noticed an eight-headed hydra
 14488 | Lair:4   | Reached skill level 5 in Invocations
 14719 | Lair:4   | Reached skill level 10 in Armour
 14944 | Lair:4   | Reached skill level 13 in Fighting
 15232 | Lair:4   | Found a blossoming altar of Fedhas.
 15897 | Lair:5   | Reached XP level 13. HP: 88/88 MP: 18/18
 16660 | Lair:6   | Entered Level 6 of the Lair of Beasts
 16766 | Lair:6   | Reached **** piety under Makhleb
 17234 | Lair:6   | Found a staircase to the Slime Pits.
 17708 | Lair:6   | Reached skill level 14 in Fighting
 18744 | Lair:6   | Noticed a dire elephant
 18814 | Lair:6   | Killed a dire elephant
 19929 | D:11     | Gained mutation: Your large and strong wings let you fly
                  | indefinitely. [Gargoyle growth]
 19929 | D:11     | Reached XP level 14. HP: 96/96 MP: 21/21
 19976 | D:11     | Found a staircase to the Orcish Mines.
 20164 | D:11     | Reached skill level 10 in Invocations
 20364 | D:11     | Noticed Grum
 20384 | D:11     | Killed Grum
 20805 | D:11     | Noticed Snorg
 20830 | D:11     | Killed Snorg
 20830 | D:11     | Reached skill level 15 in Fighting
 21229 | D:12     | Reached ***** piety under Makhleb
 21702 | D:12     | Noticed Psyche
 21720 | D:12     | Killed Psyche
 21733 | D:12     | Reached skill level 5 in Dodging
 22689 | Orc:1    | Entered Level 1 of the Orcish Mines
 22987 | Orc:2    | Entered Level 2 of the Orcish Mines
 23003 | Orc:2    | Found a staircase to the Elven Halls.
 23110 | Orc:2    | Found a dark tunnel.
 23119 | Volcano  | Entered a volcano
 23645 | Orc:2    | Paralysed by a wizard for 2 turns
 24711 | Orc:2    | Reached ****** piety under Makhleb
 25179 | Orc:1    | Reached XP level 15. HP: 104/104 MP: 22/22
 26364 | Orc:2    | Reached skill level 16 in Fighting
 26371 | Orc:2    | Found Quidusun's Armour Shoppe.
 26371 | Orc:2    | Found Vibban's Food Boutique.
 26373 | Orc:2    | Found Guejomi's General Store.
 26373 | Orc:2    | Found Lequruz's Weapon Boutique.
 26438 | Orc:2    | Bought a ration for 55 gold pieces
 26438 | Orc:2    | Bought a ration for 55 gold pieces
 27157 | Orc:1    | Found Ujuidud's General Store.
 27171 | Orc:1    | Bought a +3 ring of dexterity for 235 gold pieces
 27442 | Spider:1 | Entered Level 1 of the Spider Nest
 28544 | Swamp:1  | Entered Level 1 of the Swamp
 29916 | Swamp:2  | Noticed a tentacled monstrosity
 30827 | Swamp:2  | Killed a tentacled monstrosity
 30924 | Swamp:2  | Got a pitted hand axe
 30925 | Swamp:2  | Identified the +8 hand axe "Jiurig" {flame, rC+} (You found
                  | it on level 2 of the Swamp)
 31922 | Swamp:3  | Reached XP level 16. HP: 112/112 MP: 23/23
 32106 | Swamp:3  | HP: 2/168 [shambling mangrove (9)]
 32108 | Swamp:3  | Demolished by a shambling mangrove

Levels and vault maps discovered:
D:1:      kennysheep_arrival_seaside, layout_basic,
          minmay_misc_feat_secret_circle
D:2:      minmay_angry_zag, layout_loops_cross, uniq_natasha
D:3:      layout_rooms, first_ration, ebering_ghost_sewer_d, solitary_fountain,
          serial_bayou_pond_d
D:4:      layout_loops_ring, trog_eyes_of_draining
D:5:      layout_rooms, temple_doors_cd,
          nicolae_gozag_cash_rules_everything_around_me, uniq_duvessa,
          uniq_crazy_yiuf_cottage, uniq_sigmund
D:6:      layout_loops_corners, okawaru_trees_2
D:7:      layout_rooms
D:8:      layout_basic, nicolae_overflow_hidden_temple, uniq_joseph,
          uniq_maurice
D:9:      layout_roguey, kennysheep_mini, due_lair_maze_entry_diamond
D:10:     layout_irregular_city, basic_altar
D:11:     layout_gridville, orc_0_dummy, grunt_tengu_nest, uniq_grum, uniq_snorg
D:12:     layout_irregular_city, uniq_psyche
D:13:     hangedman_arrow_trap, layout_rooms, gammafunk_ghost_mausoleum,
          uniq_kirke
Temple:   bh_familiar_temple
Lair:1:   layout_hall_layers, basic_altar, serial_rivers,
          chequers_serial_rivers_micro_d, chequers_serial_rivers_micro_a,
          chequers_serial_rivers_micro_e, chequers_serial_rivers_micro_a,
          chequers_serial_rivers_room_a, minivault_24, fungi_pond_lemuel,
          nicolae_quartered_pool_super, beast_lair_carwin_1
Lair:2:   layout_roguey, spider_nest_entry_web_field, uniq_erica
Lair:3:   layout_regular_city, minmay_swamp_entry_reptiles,
          chequers_serial_rivers_small_3, lemuel_oklob_altar,
          grunt_megastairs_1, uniq_nergalle
Lair:4:   layout_misc_corridors, tgw_fedhas
Lair:5:   layout_loops_ring, minmay_holes, st_stairs_11, grunt_megastairs_2,
          serial_bayou_shore_a, infiniplex_staircase_pool, serial_bayou_shore_b
Lair:6:   hangedman_lair_in_review, layout_regular_city, slime_dummy
Swamp:1:  layout_falls_marsh, hangedman_swamp_pad
Swamp:2:  layout_basic_swamp, evilmike_swamp_ruin_house_2, swamp_pool5,
          nicolae_swamp_dense_foliage
Swamp:3:  layout_basic_swamp, evilmike_swamp_ruin_house_4
Spider:1: layout_spider_delve, gammafunk_ghost_tricky_traps
Orc:1:    layout_diamond_mine, serial_shops, shop
Orc:2:    grunt_orc_tribal_feast, layout_caves, nicolae_volcano_entry_batcave,
          library_closet

Skill      XL: |  1  2  3  4  5  6  7  8  9 10 11 12 13 14 15 |
---------------+----------------------------------------------+-----
Maces & Flails | 3 4 5 6 7 9 11 12 13 | 13.8
Fighting       | 4 5 6 7 9 10 12 13 14 15 16 | 16.9
Throwing       | 1 |  1.0
Armour         | 6 8 10 12 13 14 | 14.6
Dodging        | 3 4 6 7 |  7.4
Shields        | 5 |  5.3
Invocations    | 2 6 9 10 | 10.0

Action                   |  1- 3 |  4- 6 |  7- 9 | 10-12 | 13-15 | 16-18 || total
-------------------------+-------+-------+-------+-------+-------+-------++-------
Melee: Flail             |   152 |   188 |   375 |  1016 |   392 |       ||  2123
       Demon whip        |       |       |       |       |  1945 |       ||  1945
       Hand axe          |       |       |       |       |    65 |    67 ||   132
Throw: Stone             |     3 |    15 |   101 |   130 |    37 |       ||   286
Invok: Lesser Servant of |       |       |       |     1 |     5 |       ||     6
       Greater Servant o |       |       |       |       |     2 |     1 ||     3
       Major Destruction |       |       |       |       |     1 |       ||     1
 Abil: Fly               |       |       |       |       |     1 |       ||     1
Evoke: Wand              |       |       |       |       |     5 |     3 ||     8
  Use: Scroll            |       |     5 |     5 |    11 |    11 |       ||    32
       Potion            |       |       |     3 |     9 |     6 |     1 ||    19
 Stab: Confused          |       |       |       |       |     2 |       ||     2
       Distracted        |       |       |       |       |     1 |       ||     1
  Eat: Chunk             |     2 |     5 |    10 |    20 |    23 |       ||    60
       Ration            |       |       |     4 |     7 |     9 |       ||    20
Armor: Scale mail        |    96 |    97 |       |       |       |       ||   193
       Chain mail        |       |       |   176 |   587 |   243 |       ||  1006
       Ring mail         |       |       |    12 |       |   557 |    36 ||   605
       Acid dragon scale |       |       |       |       |   307 |       ||   307
Dodge: Dodged            |    51 |    56 |    63 |   212 |   785 |    32 ||  1199
Block: Shield            |    98 |    78 |   148 |   410 |   969 |    31 ||  1734

Table legend:
 A = Non-vault XP
 B = Vault XP
 C = Vault XP percentage of total XP
 D = Non-vault monster count
 E = Vault monster count
 F = Vault count percentage of total count
                 A         B        C        D         E       F
            +---------+---------+-------+---------+---------+-------
      Total |   93989 |   38901 |  29.3 |     541 |     129 |  19.3
            +---------+---------+-------+---------+---------+-------
        D:1 |      20 |       0 |   0.0 |      11 |       0 |   0.0
        D:2 |     209 |      49 |  19.0 |      34 |       6 |  15.0
        D:3 |      93 |     101 |  52.1 |      26 |       2 |   7.1
        D:4 |     384 |     250 |  39.4 |      11 |       4 |  26.7
        D:5 |     561 |     218 |  28.0 |      17 |       2 |  10.5
        D:6 |     792 |       0 |   0.0 |      17 |       0 |   0.0
        D:7 |    1105 |       0 |   0.0 |      20 |       0 |   0.0
        D:8 |     822 |       0 |   0.0 |       7 |       0 |   0.0
        D:9 |    2763 |     989 |  26.4 |      36 |       9 |  20.0
       D:10 |    2074 |       0 |   0.0 |      23 |       0 |   0.0
       D:11 |    8347 |    2041 |  19.6 |      55 |       6 |   9.8
       D:12 |    7833 |    2335 |  23.0 |      48 |       3 |   5.9
       D:13 |     358 |     374 |  51.1 |       2 |       4 |  66.7
     Lair:1 |    1070 |    1391 |  56.5 |       5 |       8 |  61.5
     Lair:2 |    7630 |     870 |  10.2 |      31 |       1 |   3.1
     Lair:3 |    2581 |    2422 |  48.4 |      13 |       7 |  35.0
     Lair:4 |    8464 |     792 |   8.6 |      27 |       4 |  12.9
     Lair:5 |    2421 |    4017 |  62.4 |       9 |      11 |  55.0
     Lair:6 |    5311 |    8915 |  62.7 |      19 |      17 |  47.2
    Swamp:1 |    8771 |       0 |   0.0 |      17 |       0 |   0.0
    Swamp:2 |   17729 |     403 |   2.2 |      32 |       3 |   8.6
    Swamp:3 |    6840 |       0 |   0.0 |      19 |       0 |   0.0
   Spider:1 |    1322 |       0 |   0.0 |       5 |       0 |   0.0
      Orc:1 |     456 |     705 |  60.7 |      10 |       2 |  16.7
      Orc:2 |    6033 |    7931 |  56.8 |      47 |      32 |  40.5
    Volcano |       0 |    5098 | 100.0 |       0 |       8 | 100.0
            +---------+---------+-------+---------+---------+-------
